 Dungeon Crawl Stone Soup version 0.30-a0-799-g109b55a442 (webtiles) character file.

Game seed: 16659587856115145437

75 Esekla the Sneak (level 4, -3/31 HPs)
             Began as an Octopode Delver on Feb 20, 2023.
             Slain by a kobold brigand
             ... wielding a +0 dagger
              (8 damage)
             ... on level 6 of the Dungeon.
             The game lasted 00:06:43 (909 turns).

Esekla the Sneak (Octopode Delver)                   Turns: 909, Time: 00:06:44

Health: -3/31      AC:  1    Str: 11    XL:     4   Next: 31%
Magic:  5/5        EV: 13    Int: 14    God:
Gold:   30         SH:  0    Dex: 13    Spells: 5/5 levels left

rFire   . . .      SeeInvis .    a - +0 falchion
rCold   . . .      Faith    .    (no shield)
rNeg    . . .      Spirit   .    (helmet restricted)
rPois   .          Reflect  .    (no amulet)
rElec   .          Harm     .    (no ring)
rCorr   .          Rampage  .    (no ring)
Will    .....                    (no ring)
Stlth   +++++                    (no ring)
HPRegen 0.25/turn                (no ring)
MPRegen 0.09/turn                (no ring)
                                 (no ring)
                                 (no ring)

@: no status effects
A: almost no armour, amphibious, 8 rings, camouflage 1, gelatinous body 1,
(nimble swimmer 1), tentacles
a: no special abilities


You were on level 6 of the Dungeon.
You visited 2 branches of the dungeon, and saw 3 of its levels.

You collected 30 gold pieces.

Inventory:

Hand Weapons
 a - a +0 falchion (weapon)
Wands
 f - a wand of digging (3)
Scrolls
 b - a scroll of fog
 c - 2 scrolls of amnesia {unknown}
 d - a scroll of fear
 g - a scroll of teleportation {unknown}
 i - a scroll of enchant armour {unknown}
Potions
 e - a potion of haste
 h - a potion of brilliance {unknown}
 j - a potion of cancellation {unknown}


   Skills:
 * Level 3.4 Fighting
 * Level 2.4 Long Blades
 * Level 2.4 Dodging
 + Level 7.5 Stealth
 * Level 1.0 Spellcasting
 * Level 0.1 Translocations


You had 5 spell levels left.
You didn't know any spells.
Your spell library was empty.

Dungeon Overview and Level Annotations

Branches:
Dungeon (6/15)             Temple (1/1) D:6

Altars:
Dithmenos
Fedhas
Kikubaaqudgha
Makhleb
Qazlal
Ru
Trog
Wu Jian
Xom
Yredelemnul
The Shining One

Shops:
D:5 :


Innate Abilities, Weirdness & Mutations

You cannot wear most types of armour.
You are amphibious.
You can wear up to eight rings at the same time.
Your skin changes colour to match your surroundings (Stealth+).
Your rubbery body absorbs attacks. (AC +1, EV +1)
((You are camouflaged when in or above water. (Stealth+)))
You have tentacles for arms and can constrict up to eight enemies at once.


Message History

You constrict the kobold brigand.
The kobold hits you with a +0 short sword.
The kobold brigand hits you with a +0 dagger.
You barely miss the kobold. Your grab misses the kobold.
You constrict the kobold brigand. The kobold closely misses you.
The kobold brigand closely misses you.
You hit the kobold but do no damage. Your grab misses the kobold.
Your squeeze misses the kobold. You constrict the kobold brigand.
The kobold closely misses you.
The kobold brigand completely misses you.
You completely miss the kobold. Your grab misses the kobold.
You constrict the kobold brigand.
The kobold hits you with a +0 short sword.
The kobold brigand hits you with a +0 dagger.
You closely miss the kobold. Your grab misses the kobold.
Your squeeze misses the kobold. You constrict the kobold brigand.
The kobold closely misses you.
The kobold brigand hits you with a +0 dagger.
You hit the kobold.
You kill the kobold!
You constrict the kobold brigand.
The kobold brigand hits you with a +0 dagger.
* * * LOW HITPOINT WARNING * * *
You hit the kobold brigand.
The kobold brigand is heavily wounded.
You constrict the kobold brigand.
The kobold brigand escapes!
The kobold brigand hits you with a +0 dagger.
* * * LOW HITPOINT WARNING * * *
You hit the kobold brigand. Your grab misses the kobold brigand.
Your squeeze misses the kobold brigand.
The kobold brigand is severely wounded.
The kobold brigand barely misses you. The kobold barely misses you.
You hit the kobold brigand but do no damage.
Your grab misses the kobold brigand.
Your tentacle-slap misses the kobold brigand.
The kobold brigand is severely wounded.
The kobold hits you with a +0 club.
* * * LOW HITPOINT WARNING * * *
The kobold brigand hits you with a +0 dagger!
You die...

##'######..............
#......................
#..............>.......
#........######........
#........+ #....^...
#........# #........
#...K....# #........
....###K## #........
..K#.@K# #........
#...#######........
#.........#........
.K..#.........#.....###
....######....'.....#
#........#'####.....#
#...............[...#
#...................#
#..............##'###


You could see a kobold brigand and a kobold.

Vanquished Creatures
  A bullfrog (D:6)
  An adder (D:6)
  A kobold (D:6)
3 creatures vanquished.

Notes
Turn   | Place    | Note
-------+----------+-------------------------------------------
     0 | D:5      | Esekla the Octopode Delver began the quest for the Orb.
     0 | D:5      | Reached XP level 1. HP: 16/16 MP: 1/1
    20 | D:5      | Found Peulas's Book Shoppe.
   124 | D:6      | Noticed an iguana
   156 | D:6      | Noticed a kobold brigand
   196 | D:6      | Found a bloodstained altar of Trog.
   241 | D:6      | Noticed an orc wizard
   321 | D:6      | Found a staircase to the Ecumenical Temple.
   339 | Temple   | Entered the Ecumenical Temple
   423 | D:6      | Noticed a hound
   465 | D:6      | Noticed a bullfrog
   471 | D:6      | Killed a bullfrog
   472 | D:6      | Reached skill level 7 in Stealth
   472 | D:6      | Reached skill level 1 in Spellcasting
   472 | D:6      | Reached XP level 2. HP: 17/21 MP: 1/3
   472 | D:6      | Reached XP level 3. HP: 21/26 MP: 1/4
   472 | D:6      | Reached XP level 4. HP: 25/31 MP: 1/5
   542 | D:6      | Noticed an ice beast
   775 | D:6      | Noticed a gnoll sergeant
   909 | D:6      | Slain by a kobold brigand

Illustrated notes

Levels and vault maps discovered:
D:5:      layout_layer_cave, nicolae_inconvenience_store
D:6:      layout_gridville, lemuel_doored_altar, minmay_temple_entry_overgrown
Temple:   eino_temple_lava

Skill      XL: |  1 |
---------------+----+-----
Stealth        | 7 |  7.5
Spellcasting   | 1 |  1.0
Fighting       | |  3.4
Long Blades    | |  2.4
Dodging        | |  2.4
Translocations | |  0.1

Action                     |  1- 3 |  4- 6 || total
---------------------------+-------+-------++-------
  Melee: Falchion          |     6 |    13 ||    19
         Tentacles         |     2 |       ||     2
         Constrict         |     1 |     2 ||     3
    Use: Scroll            |     1 |       ||     1
   Stab: Sleeping          |       |     1 ||     1
 Armour: Skin              |     1 |     1 ||     2
  Dodge: Dodged            |     7 |     9 ||    16

Table legend: (Time is in decaauts)
 A = Elapsed time spent in this place.
 B = Non-inter-level travel time spent in this place.
 C = Inter-level travel time spent in this place.
 D = Time resting spent in this place.
 E = Time spent auto-exploring this place.
 F = Levels seen in this place.
 G = Mean time per level.
                   A        B        C        D        E       F      G
               +--------+--------+--------+--------+--------+-----+--------+
         Total |    913 |    850 |     63 |     71 |     67 |   3 |  304.3 |
       Dungeon |    835 |    779 |     56 |     71 |      0 |   2 |  417.5 |
        Temple |     77 |     70 |      7 |      0 |     67 |   1 |   77.0 |
               +--------+--------+--------+--------+--------+-----+--------+

Top non-repeatable levels by time:
     D:6: 705 daAuts
     D:5: 130 daAuts
  Temple: 77 daAuts
